 Dungeon Crawl Stone Soup version 0.19-a0-1850-g63fd1ff (webtiles) character file.

124530 Psiweapon the Spry (level 16, -49/134 HPs)
             Began as a Minotaur Gladiator on Oct 10, 2016.
             Was the Champion of Dithmenos.
             Annihilated by an enormous slime creature (72 damage)
             ... on level 2 of the Swamp.
             The game lasted 02:45:15 (39656 turns).

Psiweapon the Spry (Minotaur Gladiator)            Turns: 39656, Time: 02:45:16

Health: -49/134    AC: 22    Str: 24    XL:     16   Next: 39%
Magic:  0/26       EV: 22    Int:  5    God:    Dithmenos [******]
Gold:   1676       SH:  0    Dex: 18    Spells: 0 memorised, 15 levels left

rFire  . . .     SeeInvis +     a - +3 triple sword of Generosity {venom, Str+4}
rCold  . . .     Gourm    .     r - +0 scale mail of the Swamp {rPois rN+ SInv}
rNeg   + . .     Faith    .     (shield currently unavailable)
rPois  +         Spirit   +     (helmet unavailable)
rElec  .         Dismiss  .     Q - +0 cloak
rCorr  .         Reflect  .     H - +0 pair of gloves
MR     +....     Harm     .     j - +0 pair of boots
Stlth  ++++++....               n - amulet of guardian spirit
                                J - ring of magical power
                                A - +5 ring of protection

@: about to teleport, wreathed by umbra
A: retaliatory headbutt, horns 3, thin metallic scales 1, shaggy fur 1,
evolution 1, MP-powered wands
a: Shadow Step, Shadow Form, Renounce Religion


You were on level 2 of the Swamp.
You worshipped Dithmenos.
Dithmenos was exalted by your worship.
You were not hungry.

You visited 6 branches of the dungeon, and saw 29 of its levels.
You also visited: Labyrinth and Trove.

You collected 2606 gold pieces.
You spent 930 gold pieces at shops.

Inventory:

Hand Weapons
 a - the +3 triple sword of Generosity (weapon) {venom, Str+4}
   (You found it in a treasure trove)

   It poisons the flesh of those it strikes.
   It affects your strength (+4).
 b - the +5 longbow "Buffurao" {velocity, +Blink +Inv rElec Int-2}
   (You found it in a treasure trove)

   Any arrow fired from it inflicts extra damage.
   It affects your intelligence (-2).
   It insulates you from electricity.
   It lets you turn invisible.
   It lets you blink.
 c - the +10 sword of Jihad {holy, *Rage rN+ EV+3}
   (You found it in a treasure trove)

   It has been blessed by the Shining One to cause great damage to the undead
   and demons.
   It affects your evasion (+3).
   It protects you from negative energy.
   It may make you go berserk in combat.
 M - a +3 demon blade of freezing
Missiles
 d - 5 throwing nets (quivered)
 U - 690 arrows
Armour
 j - a +0 pair of boots (worn)
 r - the +0 scale mail of the Swamp (worn) {rPois rN+ SInv}
   (You found it on level 2 of the Lair of Beasts)

   It protects you from poison.
   It protects you from negative energy.
   It lets you see invisible.
 x - the +6 shield of Geki {rF+}
   (You took it off a deep elf mage on level 1 of the Elven Halls)

   It protects you from fire.
 G - a +2 pair of boots
 H - a +0 pair of gloves (worn)
 Q - a +0 cloak (worn)
Jewellery
 n - an amulet of guardian spirit (around neck)
 q - an uncursed ring of protection from fire
 A - a +5 ring of protection (left hand)
 J - a ring of magical power (right hand)
Wands
 i - a wand of paralysis (7/24)
 m - a wand of polymorph (8/24)
 p - a wand of teleportation (4/9)
 w - a wand of iceblast (4/15)
 B - a wand of lightning (6/15)
 I - a wand of slowing (12/48)
 K - a wand of disintegration (23/24)
 N - a wand of confusion (25/48)
 R - a wand of lightning (5/15)
 V - a wand of heal wounds (5/9)
Scrolls
 e - 10 scrolls of remove curse
 l - 10 scrolls of teleportation
 o - 3 scrolls of identify
 v - 2 scrolls of blinking
 y - 2 scrolls of enchant armour
 C - 6 scrolls of enchant weapon
 E - 2 scrolls of recharging
 L - a scroll of summoning
 O - a scroll of magic mapping
Potions
 g - a potion of mutation {unknown}
 h - 5 potions of might
 k - 2 potions of flight
 s - a potion of haste
 u - 12 potions of curing
 D - 4 potions of ambrosia {unknown}
 P - 6 potions of heal wounds
 W - 2 potions of magic {unknown}
 X - a potion of cancellation
 Y - 4 potions of lignification {unknown}
Miscellaneous
 t - a sack of spiders
 z - a disc of storms
Comestibles
 f - 13 bread rations
 F - 9 meat rations
 S - 11 fruits
 T - a slice of pizza
 Z - a royal jelly


   Skills:
 - Level 10.0 Fighting
 + Level 15.3 Long Blades
 - Level 12.0 Bows
 - Level 2.0 Throwing
 - Level 13.5 Armour
 - Level 16.3 Dodging
 + Level 9.9 Stealth
 - Level 9.1 Shields
 - Level 1.8 Invocations
 - Level 3.3 Evocations


You had 15 spell levels left.
You didn't know any spells.

Dungeon Overview and Level Annotations

Branches:
Dungeon (15/15)            Temple (1/1) D:7            Lair (6/6) D:11
  Swamp (3/4) Lair:4       Spider (0/4) Lair:3        Slime (0/5) Lair:6
    Orc (2/2) D:9             Elf (2/3) Orc:2        Vaults (0/5) D:13
 Depths: D:15

Altars:
Ashenzari
Cheibriados
Dithmenos
Elyvilon
Fedhas
Gozag
Hepliaklqana
Kikubaaqudgha
Makhleb
Nemelex Xobeh
Okawaru
Qazlal
Ru
Sif Muna
Trog
Uskayaw
Vehumet
Xom
Yredelemnul
Zin
The Shining One
Jiyva

Shops:
D:5 [   Orc:2 ?!%!

Annotations:
D:7 exclusion: downstairs
Lair:2 exclusions: downstairs and hydra
Lair:3 Urug


Innate Abilities, Weirdness & Mutations

You reflexively headbutt those who attack you in melee.
You have a pair of large horns on your head.
You are partially covered in thin metallic scales. (AC +2)
You are covered in fur. (AC +1)
You evolve.
You expend magic power (3 MP) to strengthen your wands.


Message History

The alligator bites you! The alligator closely misses you.
You enter the shallow water.
Moving in this stuff is going to be slow.
With its final breath, the spriggan druid offers up its power to the beasts of the wild!
The alligator is healed.
The alligator seems to grow more fierce.
You kill the spriggan druid!
Dithmenos accepts your kill. The alligator bites you!!
* * * LOW HITPOINT WARNING * * *
You emit a cloud of dark smoke.
The alligator tail-slaps you but does no damage.
A swamp worm comes into view.
Evoke which item? (* to show all) (? for menu, Esc to quit)
Zapping:
p - a wand of teleportation (5/9)
Press: ? - help, Shift-Dir - straight line, f - you You feel strangely unstable.
This wand has 4 charges left.
The enormous slime creature hits you!!!!
Ouch! That really hurt!
You die...

♣ ♣♣..≈.≈≈.≈≈≈≈≈≈..≈≈≈..≈
♣≈♣♣≈.≈..♣♣..≈≈≈≈§≈♣≈....≈
♣♣.w≈≈≈≈§..≈≈≈≈≈≈≈≈≈≈≈≈.≈.≈
♣≈....≈§†≈≈≈≈≈♣..≈.≈≈.≈≈..≈
♣...[..≈≈≈.≈≈≈...≈.?.≈..≈≈
♣.♣...♣..≈≈)....≈≈.≈.....§≈
♣.♣§.≈≈......♣.♣..≈......≈
♣ ♣♣..≈..tJ≈..≈..≈≈..§≈≈..
♣♣..≈§@.≈≈≈≈.≈≈...≈≈≈♣≈
♣♣...§§...≈≈♣≈≈≈≈≈≈≈≈≈
♣...♣≈≈≈≈♣.≈≈.§≈≈.≈≈≈
♣....≈♣♣♣♣.≈♣.≈≈.≈≈.♣
♣♣.♣≈≈≈.≈≈.≈≈......♣.
♣♣♣♣.≈..♣.≈≈.≈≈≈..≈.
♣♣≈♣.≈≈.%.≈....≈≈
♣♣♣♣≈≈♣.♣♣♣♣♣♣♣♣ ♣♣♣♣♣♣


You could see an alligator, an enormous slime creature and a swamp worm.

Vanquished Creatures
  The ghost of tape the Lord of Darkness, a journeyman DsFE of Kikubaaqudgha (Swamp:2)
  A deep elf demonologist (Elf:1)
  The ghost of veneficus the Fencer, a journeyman MiBe of Trog (Lair:3)
  A deep elf death mage (Elf:1)
  Snorg (D:10)
  A minotaur (Lab)
  A fire dragon (D:14)
  7 hydras
  Harold (D:9)
  A ghost crab (Swamp:2)
  The ghost of Flanowski the Devastator, a journeyman DECj of Vehumet (Lair:4)
  Erica (D:11)
  4 centaur warriors
  A catoblepas (Lair:2)
  7 alligators
  A tengu warrior (D:14)
  5 dancing weapons (Elf:1)
  9 death yaks
  3 orc high priests
  The ghost of Psaro the Frost Mage, a novice NaIE of Hepliaklqana (D:10)
  An iron troll (D:13)
  4 deep elf knights (Elf:1)
  2 spriggan druids (Swamp:2)
  3 deep elf archers (Elf:1)
  3 unseen horrors
  2 swamp dragons
  A shambling mangrove (Swamp:3)
  5 lindwurms
  9 hill giants
  An orc knight (Orc:1)
  5 ugly things (D:15)
  6 orc sorcerers
  28 deep elf magi
  3 centaur zombies
  5 cyclopes
  2 manticores
  A black mamba (Lair:1)
  9 elephants
  Joseph (D:9)
  18 spiny frogs
  A kobold demonologist (D:15)
  2 rime drakes
  6 komodo dragons
  2 ice devils (D:11)
  5 trolls
  A meliai (D:14)
  7 hornets
  A jumping spider (Lair:3)
  4 two-headed ogres
  5 polar bears
  Prince Ribbit (D:9)
  2 tyrant leeches (Swamp:1)
  4 bog bodies
  22 blink frogs
  14 hippogriffs
  A meliai zombie (D:15)
  10 slime creatures
  2 vampires
  2 centaur simulacra (D:14)
  2 shadows
  4 wyverns
  16 spriggans
  A fire elemental (Elf:1)
  34 yaks
  4 redbacks (Lair:3)
  4 hogs (D:9)
  A human (D:9)
  2 hungry ghosts
  2 mottled dragons
  A basilisk (Lair:1)
  6 insubstantial wisps (Swamp:2)
  7 swamp worms
  2 wargs
  17 water moccasins
  11 porcupines
  5 swamp drakes
  25 orc warriors
  4 sky beasts
  An eye of draining (D:13)
  An ice beast (D:13)
  6 black bears
  4 phantoms
  5 necrophages (Lair:4)
  10 ogres
  22 wolves
  3 boggarts (Lair:6)
  22 centaurs
  14 crocodiles
  2 big kobolds
  18 bullfrogs
  An earth elemental (Elf:1)
  2 wyvern skeletons
  6 scorpions
  10 killer bees
  A howler monkey (shapeshifter) (D:13)
  An electric eel (Lair:3)
  3 howler monkeys
  2 bullfrog zombies
  6 crimson imps
  3 jellies
  5 quasits
  2 bullfrog skeletons
  5 centaur skeletons
  13 hounds
  A gnoll shaman (D:8)
  23 orc priests
  3 iguanas
  41 orc wizards
  12 worker ants
  A killer bee zombie (D:7)
  A hound zombie (D:5)
  4 gnolls
  10 adders
  4 shadow imps
  2 oozes (D:2)
  3 adder skeletons
  A worm (D:4)
  2 dart slugs
  4 leopard geckos
  81 orcs
  5 giant cockroaches
  8 goblins
  10 hobgoblins
  19 jackals
  16 kobolds
  7 quokkas
  A ball python (D:2)
  9 bats
  6 frilled lizards
  A jackal zombie (D:6)
  A leopard gecko zombie (D:7)
  A quokka skeleton (D:6)
  A quokka zombie (D:6)
  3 rats
  A fungus (Lair:6)
848 creatures vanquished.

Vanquished Creatures (collateral kills)
  An orc (D:6)
1 creature vanquished.

Vanquished Creatures (others)
  A spriggan (Swamp:2)
  An unseen horror (D:13)
  A hornet (Swamp:2)
  A water elemental (Elf:1)
  A swamp drake (Swamp:3)
  An orc priest (D:6)
  2 orc wizards (Orc:2)
  7 fungi
  4 plants
19 creatures vanquished.

Grand Total: 868 creatures vanquished

Notes
Turn   | Place    | Note
-------+----------+-------------------------------------------
     0 | D:1      | Psiweapon the Minotaur Gladiator began the quest for the Orb.
     0 | D:1      | Reached XP level 1. HP: 18/18 MP: 0/0
   241 | D:3      | Reached XP level 2. HP: 23/25 MP: 1/1
   778 | D:2      | Reached XP level 3. HP: 30/30 MP: 2/2
   879 | D:1      | Reached skill level 4 in Dodging
  1549 | D:2      | Reached skill level 5 in Long Blades
  1734 | D:2      | Reached XP level 4. HP: 37/37 MP: 3/3
  2885 | D:4      | Reached XP level 5. HP: 22/42 MP: 4/4
  3250 | D:5      | Entered Level 5 of the Dungeon
  3325 | D:5      | Found Orghigya's Armour Shoppe.
  3648 | D:4      | Reached skill level 5 in Dodging
  3712 | D:4      | Reached XP level 6. HP: 45/50 MP: 5/5
  4900 | D:5      | Reached XP level 7. HP: 55/56 MP: 6/6
  4947 | D:5      | Got a translucent hand axe
  4948 | D:5      | Identified the cursed +1 hand axe of Hacking and Slashing {flame, -Tele rF+ Int+4} (You found it on level 5 of the Dungeon)
  5338 | D:5      | Reached skill level 6 in Dodging
  5995 | D:7      | Reached XP level 8. HP: 59/62 MP: 7/7
  6101 | D:6      | Reached skill level 10 in Long Blades
  6496 | D:7      | Reached skill level 7 in Dodging
  7699 | D:6      | Reached skill level 8 in Dodging
  7932 | D:8      | Reached XP level 9. HP: 66/68 MP: 8/8
  8052 | D:10     | Entered Level 10 of the Dungeon
  8114 | D:10     | Noticed Psaro's ghost (novice NaIE)
  8363 | D:7      | Found a staircase to the Ecumenical Temple.
  8368 | Temple   | Entered the Ecumenical Temple
  8429 | Temple   | Became a worshipper of Dithmenos the Shadowed
  9042 | D:7      | Reached skill level 1 in Stealth
  9771 | D:8      | Reached * piety under Dithmenos
 10061 | D:8      | You fall through a shaft for 3 floors!
 10180 | D:11     | Noticed an ice devil
 10182 | D:11     | Noticed an ice devil
 10518 | D:11     | Reached XP level 10. HP: 33/74 MP: 3/9
 10792 | D:11     | Reached skill level 1 in Armour
 10955 | D:10     | Noticed Snorg
 10979 | D:9      | Reached ** piety under Dithmenos
 11255 | D:9      | Reached skill level 9 in Dodging
 11535 | D:9      | Found a staircase to the Orcish Mines.
 11722 | D:9      | Noticed Joseph
 11742 | D:9      | Killed Joseph
 11742 | D:9      | Reached skill level 1 in Bows
 11971 | D:9      | Reached skill level 10 in Dodging
 12110 | D:9      | Noticed Prince Ribbit
 12123 | D:9      | Killed Prince Ribbit
 12864 | D:9      | Reached skill level 11 in Dodging
 12867 | D:9      | Reached skill level 5 in Armour
 12874 | D:9      | Reached *** piety under Dithmenos
 13373 | D:10     | Reached XP level 11. HP: 74/80 MP: 10/10
 13411 | D:10     | Noticed a hill giant
 13554 | Orc:1    | Entered Level 1 of the Orcish Mines
 13554 | Orc:1    | Noticed Harold
 14048 | D:11     | Killed an unseen horror
 14297 | D:11     | Found a staircase to the Lair.
 14303 | Lair:1   | Entered Level 1 of the Lair of Beasts
 14998 | Lair:1   | You fall through a shaft!
 15006 | Lair:2   | Noticed a catoblepas
 15033 | Lair:2   | Killed a catoblepas
 15033 | Lair:2   | Reached skill level 12 in Dodging
 15471 | Lair:2   | Noticed a six-headed hydra
 16216 | Lair:2   | Reached skill level 5 in Fighting
 16304 | Lair:2   | Reached **** piety under Dithmenos
 16478 | Lair:2   | Noticed a five-headed hydra
 16487 | Lair:2   | Killed a five-headed hydra
 16565 | Lair:2   | Got a shimmering scale mail
 16566 | Lair:2   | Identified the cursed +0 scale mail of the Swamp {rPois rN+ SInv} (You found it on level 2 of the Lair of Beasts)
 16669 | Lair:2   | Reached XP level 12. HP: 85/100 MP: 9/11
 16896 | Lair:2   | Killed a six-headed hydra
 16896 | Lair:2   | Reached skill level 5 in Bows
 17234 | Lair:4   | Noticed Flanowski's ghost (journeyman DECj)
 17323 | Lair:3   | Reached skill level 10 in Armour
 17545 | Lair:3   | Noticed a death yak
 17545 | Lair:3   | Noticed a death yak
 17545 | Lair:3   | Noticed a death yak
 17545 | Lair:3   | Noticed a death yak
 17545 | Lair:3   | Noticed a death yak
 17546 | Lair:3   | Noticed a death yak
 17568 | Lair:2   | Killed a death yak
 18060 | D:11     | Noticed Erica
 18070 | D:11     | Killed Erica
 18070 | D:11     | Reached ***** piety under Dithmenos
 18351 | D:11     | Reached skill level 13 in Dodging
 18616 | D:12     | Got an encrusted dagger
 18648 | D:12     | Found a labyrinth entrance.
 18679 | D:12     | Identified the cursed +1 dagger of Disgust {pierce, rF+} (You found it on level 12 of the Dungeon)
 18686 | Lab      | Entered a labyrinth
 18923 | Lab      | Noticed a minotaur
 18930 | Lab      | Killed a minotaur
 18942 | Lab      | Identified the Reference Book on Transmutation and Ice
 18944 | Lab      | Got a dazzling rapier
 18946 | Lab      | Identified the +6 rapier of the Warrior {vamp, +Rage +Inv rC+++ Stlth+} (You found it in a labyrinth)
 19093 | D:11     | Noticed a centaur warrior
 19104 | D:11     | Killed a centaur warrior
 19736 | D:12     | Gained mutation: You expend magic power (3 MP) to strengthen your wands. [mutagenic meat]
 19742 | D:12     | Gained mutation: You evolve. [mutagenic meat]
 19794 | D:13     | Reached XP level 13. HP: 101/107 MP: 12/12
 21099 | D:13     | Reached skill level 14 in Dodging
 21352 | D:13     | Gained mutation: You are clumsy. (Dex -2) [mutagenic meat]
 21355 | D:13     | Gained mutation: You have a pair of large horns on your head. [mutagenic meat]
 21358 | D:13     | Gained mutation: You are covered in fur. (AC +1) [mutagenic meat]
 21361 | D:13     | Gained mutation: You tend to lose your temper in combat. [mutagenic meat]
 21637 | D:13     | Found a gate to the Vaults.
 22242 | D:14     | Found a portal to a secret trove of treasure.
 22270 | D:15     | Entered Level 15 of the Dungeon
 22276 | D:15     | Reached skill level 15 in Dodging
 22840 | D:10     | Killed Snorg
 22857 | D:10     | Killed Psaro's ghost
 23407 | Lair:2   | Reached skill level 16 in Dodging
 23824 | Lair:3   | Got a steaming scale mail
 23825 | Lair:3   | Identified the +1 scale mail "Soerudur" {Str+4} (You found it on level 3 of the Lair of Beasts)
 24139 | Lair:3   | Noticed Urug
 24727 | Lair:3   | Noticed veneficus's ghost (journeyman MiBe)
 25075 | D:9      | Killed Harold
 25075 | D:9      | Reached skill level 1 in Invocations
 25126 | Orc:1    | Reached XP level 14. HP: 95/115 MP: 13/13
 25463 | Orc:1    | Reached skill level 5 in Stealth
 25635 | Orc:2    | Entered Level 2 of the Orcish Mines
 25687 | Orc:2    | Reached ****** piety under Dithmenos
 25758 | Orc:1    | Gained mutation: You are partially covered in thin metallic scales. (AC +2) [evolution]
 25972 | Orc:1    | Reached skill level 1 in Evocations
 26316 | Orc:2    | Found a staircase to the Elven Halls.
 26401 | Orc:2    | Found Ugri's Magic Scroll Shoppe.
 26401 | Orc:2    | Found Iwuczi's Distillery.
 26404 | Orc:2    | Found Miuzeps's Food Emporium.
 26404 | Orc:2    | Found Geuty's Distillery.
 26415 | Orc:2    | Bought a potion of heal wounds for 80 gold pieces
 26415 | Orc:2    | Bought 2 potions of heal wounds for 160 gold pieces
 26415 | Orc:2    | Bought a potion of heal wounds for 80 gold pieces
 26415 | Orc:2    | Bought a potion of agility for 64 gold pieces
 26415 | Orc:2    | Bought a potion of curing for 48 gold pieces
 26416 | Orc:2    | Bought a potion of curing for 42 gold pieces
 26416 | Orc:2    | Bought a potion of might for 56 gold pieces
 26416 | Orc:2    | Bought a potion of heal wounds for 70 gold pieces
 26416 | Orc:2    | Bought a potion of agility for 56 gold pieces
 26416 | Orc:2    | Bought a potion of agility for 56 gold pieces
 26416 | Orc:2    | Bought a potion of curing for 42 gold pieces
 26421 | Orc:2    | Bought a scroll of identify for 22 gold pieces
 26421 | Orc:2    | Bought a scroll of identify for 22 gold pieces
 26421 | Orc:2    | Bought a scroll of remove curse for 33 gold pieces
 26421 | Orc:2    | Bought a scroll of identify for 22 gold pieces
 26421 | Orc:2    | Bought a scroll of identify for 22 gold pieces
 26421 | Orc:2    | Bought a scroll of identify for 22 gold pieces
 26421 | Orc:2    | Bought a scroll of remove curse for 33 gold pieces
 27012 | Elf:1    | Entered Level 1 of the Elven Halls
 27086 | Elf:1    | HP: 4/115 [dire flail of pain (23)]
 27472 | Elf:1    | Got an encrusted hand axe
 27473 | Elf:1    | Identified the cursed +3 hand axe "Beetlebane" {elec, rElec Str+5 Int-3} (You found it on level 1 of the Elven Halls)
 28421 | Elf:1    | Noticed a balrug
 28424 | Elf:1    | Noticed a balrug
 28570 | Elf:1    | Noticed a reaper
 28896 | Elf:1    | Got a twisted shield
 28897 | Elf:1    | Identified the +6 shield of Geki {rF+} (You took it off a deep elf mage on level 1 of the Elven Halls)
 28971 | Elf:1    | Reached skill level 1 in Shields
 29514 | Elf:1    | Reached skill level 5 in Shields
 29515 | Elf:1    | Noticed an Executioner
 29521 | Elf:1    | Noticed a Brimstone Fiend
 29551 | Elf:1    | Noticed an Executioner
 29866 | Elf:1    | Noticed an Ice Fiend
 30621 | Elf:1    | Reached XP level 15. HP: 104/123 MP: 16/16
 30756 | Elf:1    | Identified the Guide on Summoning
 31154 | Lair:3   | Found a hole to the Spider Nest.
 31707 | Lair:3   | Killed veneficus's ghost
 32184 | Lair:4   | Killed Flanowski's ghost
 32274 | Lair:4   | Lost mutation: You tend to lose your temper in combat. [evolution]
 32582 | Lair:4   | Found a staircase to the Swamp.
 32590 | Swamp:1  | Entered Level 1 of the Swamp
 33880 | D:14     | You paid a toll of 7 potions of agility to enter a treasure trove
 33881 | Trove    | Entered a treasure trove
 33924 | Trove    | Got a warped triple sword
 33926 | Trove    | Got a faintly glowing great sword
 33948 | Trove    | Got a fine longbow
 33951 | Trove    | Got an iridescent mace
 33987 | D:14     | Identified the +3 triple sword of Generosity {venom, Str+4} (You found it in a treasure trove)
 33990 | D:14     | Identified the +4 great sword of Ciaxo {slice, -Tele *Slow +Fly SInv} (You found it in a treasure trove)
 34000 | D:14     | Identified the +5 longbow "Buffurao" {velocity, +Blink +Inv rElec Int-2} (You found it in a treasure trove)
 35154 | D:14     | Reached skill level 10 in Bows
 35225 | D:14     | Identified Sif Muna's Compendium of Scorching Intoxication
 35443 | D:14     | Found a deep blue altar of Sif Muna.
 36175 | Lair:6   | Entered Level 6 of the Lair of Beasts
 36314 | Lair:6   | Found a viscous altar of Jiyva.
 36323 | Lair:6   | Found a staircase to the Slime Pits.
 37068 | Lair:6   | Reached XP level 16. HP: 95/132 MP: 17/17
 37930 | Swamp:2  | Noticed tape's ghost (journeyman DsFE)
 38208 | Swamp:1  | Lost mutation: You are clumsy. (Dex -2) [evolution]
 38496 | Swamp:1  | Reached skill level 10 in Fighting
 39007 | Swamp:2  | Killed tape's ghost
 39007 | Swamp:2  | Reached skill level 15 in Long Blades
 39656 | Swamp:2  | Annihilated by an enormous slime creature

Vault maps used:
D:1:      ncdulo_smallfort
D:5:      serial_shops, shop, first_bread
D:9:      erik_orc_3, grunt_livestock, uniq_joseph, uniq_prince_ribbit1
D:10:     uniq_snorg
D:11:     lair_0_dummy, portal_ice_cave_demonic_guard, uniq_erica
D:12:     lab_entry_generic
D:13:     david_vaults_4
D:14:     cheibrodos_elevator_heist, lemuel_blue_sif_altar,
          nicolae_trove_entry_free_sample, minmay_lindwurm_lava
D:15:     gammafunk_enter_depths_forms, serial_glass, glass_columns_a,
          glass_columns_c, basic_altar, library_closet
Temple:   dpeg_three_leaves_temple
Lair:3:   nicolae_spider_entry_tight_spaces, serial_bayou_shore_b,
          serial_bayou_shore_a, uniq_urug
Lair:4:   minmay_swamp_entry_worms, roderic_carrion_pond
Lair:5:   infiniplex_staircase_pool
Lair:6:   minmay_lair_end_enchanted_forest, slime_altar_1, lemuel_fruit_tree
Swamp:1:  nicolae_swamp_treefoil
Swamp:2:  evilmike_swamp_ruin_house_5, swamp_pool4
Swamp:3:  evilmike_swamp_ruin_wall, swamp_pool1, uniq_jorgrun
Orc:1:    nicolae_orc_accident_1, uniq_harold
Orc:2:    st_orc_mages
Elf:1:    minmay_elf_demonology
Lab:      labyrinth_watery, labyrinth_baited_teleportation_trap,
          labyrinth_glass_1, lab_block, nicolae_lab_diamond,
          labyrinth_skeletal_remains
Trove:    trove_weapons_four_rooms

Skill      XL: |  1  2  3  4  5  6  7  8  9 10 11 12 13 14 15 16 |
---------------+-------------------------------------------------+-----
Long Blades    | 4 5 6 8 9 11 13 14 15 | 15.3
Dodging        | 4 5 6 8 11 12 13 16 | 16.3
Stealth        | 3 4 8 9 |  9.9
Armour         | 6 8 12 13 | 13.5
Bows           | 1 4 5 12 | 12.0
Fighting       | 7 8 9 10 | 10.0
Invocations    | 1 |  1.8
Evocations     | 3 |  3.3
Shields        | 8 9 |  9.1
Throwing       | |  2.0

Action                   |  1- 3 |  4- 6 |  7- 9 | 10-12 | 13-15 | 16-18 || total
-------------------------+-------+-------+-------+-------+-------+-------++-------
Melee: Long sword        |    74 |   100 |   297 |   487 |   913 |       ||  1871
       Headbutt          |    13 |    26 |    65 |   142 |   302 |    21 ||   569
       Dagger            |       |       |       |     6 |     3 |       ||     9
       Scimitar          |       |       |       |       |    25 |       ||    25
       Triple sword      |       |       |       |       |   114 |    70 ||   184
       Eudemon blade     |       |       |       |       |     8 |     6 ||    14
       Demon blade       |       |       |       |       |     7 |       ||     7
 Fire: Blowgun           |       |     1 |       |       |       |       ||     1
       Shortbow          |       |       |    52 |   276 |   502 |       ||   830
       Longbow           |       |       |       |       |   141 |   107 ||   248
Throw: Tomahawk          |       |       |     7 |     6 |     7 |       ||    20
Invok: Shadow Step       |       |       |       |       |     1 |       ||     1
Evoke: Wand              |       |       |     8 |     2 |    16 |     1 ||    27
       Phial of floods   |       |       |       |       |     1 |       ||     1
  Use: Scroll            |       |     1 |     6 |    21 |    16 |     1 ||    45
       Potion            |       |     1 |     1 |     6 |     9 |     1 ||    18
 Stab: Sleeping          |       |       |     1 |     5 |     4 |     2 ||    12
       Confused          |       |       |     3 |       |       |       ||     3
       Distracted        |       |       |       |       |     5 |       ||     5
  Eat: Chunk             |     3 |     8 |    17 |    28 |    34 |     8 ||    98
       Fruit             |       |     2 |       |       |       |       ||     2
       Beef jerky        |       |       |       |     3 |     1 |       ||     4
       Pizza             |       |       |       |       |     9 |       ||     9
       Meat ration       |       |       |       |       |     2 |       ||     2
       Royal jelly       |       |       |       |       |     1 |       ||     1
Armor: Leather armour    |    23 |    21 |    54 |    40 |       |       ||   138
       Scale mail        |       |       |       |    54 |   293 |    41 ||   388
Dodge: Dodged            |    41 |    75 |   232 |   465 |  1038 |   115 ||  1966
Block: Shield            |       |       |       |       |   166 |       ||   166
       Rpst.: Long sword |     9 |    18 |    59 |   113 |   141 |       ||   340
       Scimitar          |       |       |       |       |     2 |       ||     2
       Triple sword      |       |       |       |       |    40 |    22 ||    62
       Eudemon blade     |       |       |       |       |     6 |       ||     6
       Demon blade       |       |       |       |       |     2 |       ||     2
